 Dungeon Crawl Stone Soup version 0.30-a0-605-gb2882149bf (webtiles) character file.

Game seed: 631329605353176093

4302 pokeman the Thaumaturge (level 10, -2/53 HPs)
             Began as a Deep Elf Hedge Wizard on Jan 8, 2023.
             Was a Follower of Vehumet.
             Slain by Gastronok (31 damage)
             ... on level 8 of the Dungeon.
             The game lasted 00:18:57 (7206 turns).

pokeman the Thaumaturge (Deep Elf Hedge Wizard)     Turns: 7206, Time: 00:18:58

Health: -2/53      AC:  8    Str:  7    XL:     10   Next: 11%
Magic:  9/28       EV: 13    Int: 24    God:    Vehumet [*.....]
Gold:   255        SH:  6    Dex: 24    Spells: 20/34 levels left

rFire   + . .      SeeInvis .    s - +8 sling of Foul Odours {speed, Dex+10}
rCold   . . .      Faith    .    D - +0 buckler
rNeg    + . .      Spirit   .    g - +2 leather armour {rF+}
rPois   .          Reflect  .    c - +0 hat
rElec   .          Harm     .    y - scarf {repulsion}
rCorr   .          Rampage  .    q - +2 pair of gloves
Will    +....                    (no boots)
Stlth   +++                      (no amulet)
HPRegen 0.28/turn                B - ring of positive energy
MPRegen 0.21/turn                (no ring)

@: very slightly contaminated, repel missiles
A: no striking features
a: Renounce Religion


You were on level 8 of the Dungeon.
You worshipped Vehumet.
Vehumet was aware of your devotion.
You visited 1 branch of the dungeon, and saw 8 of its levels.
You also visited: Ossuary.

You collected 502 gold pieces.
You spent 247 gold pieces at shops.

Inventory:

Hand Weapons
 s - the +8 sling of Foul Odours (weapon) {speed, Dex+10}
   (You found it on level 2 of the Dungeon)

   Dex:       It affects your dexterity (+10).
Armour
 c - a +0 hat (worn)
 g - a +2 leather armour of fire resistance (worn)
 h - an orb of mayhem
 q - a +2 pair of gloves (worn)
 x - a +2 robe of the Archmagi
 y - a scarf of repulsion (worn)
 C - +0 steam dragon scales
 D - a +0 buckler (worn)
Magical Staves
 E - a staff of air
 F - a staff of fire
Jewellery
 p - a ring of fire
 B - a ring of positive energy (left hand)
Scrolls
 a - a scroll of immolation
 b - 3 scrolls of amnesia
 e - 2 scrolls of magic mapping
 f - 4 scrolls of fog
 k - 4 scrolls of blinking
 m - 3 scrolls of vulnerability {unknown}
 n - 3 scrolls of fear {unknown}
 r - 7 scrolls of teleportation
 u - a scroll of poison {unknown}
 w - a scroll of brand weapon {unknown}
 A - a scroll of summoning {unknown}
 G - a scroll of enchant armour {unknown}
Potions
 d - 3 potions of magic
 i - 2 potions of brilliance
 j - 4 potions of heal wounds
 l - 6 potions of curing
 o - a potion of cancellation {unknown}
 t - 4 potions of ambrosia {unknown}
 v - 2 potions of flight {unknown}
 z - a potion of attraction {unknown}


   Skills:
 - Level 2.0 Fighting
 - Level 3.0 Armour
 - Level 3.0 Dodging
 - Level 3.0 Stealth
 + Level 3.2 Shields
 * Level 12.7 Spellcasting
 + Level 7.2 Conjurations
 - Level 6.0 Summonings
 - Level 1.1 Translocations
 + Level 2.2 Fire Magic
 - Level 1.0 Air Magic
 - Level 1.3 Earth Magic
 - Level 1.2 Poison Magic


You had 20 spell levels left.
You knew the following spells:

 Your Spells              Type           Power      Damage    Failure   Level
a - Magic Dart            Conj           100%       1d8       1%          1
b - Mephitic Cloud        Conj/Pois/Air  30%        N/A       6%          3
c - Call Imp              Summ           44%        N/A       1%          2
d - Blink                 Tloc           40%        N/A       8%          2
e - Stone Arrow           Conj/Erth      70%        3d11      4%          3
f - Swiftness             Air            20%        N/A       16%         3

Your spell library contained the following spells:

 Spells                   Type           Power      Damage    Failure   Level
 Shock                    Conj/Air       100%       1d9       1%          1
 Searing Ray              Conj           100%       2d8       1%          2
 Sandblast                Erth           42%        2d11      4%          1
 Slow                     Hex            60%        N/A       8%          1
 Cigotuvi's Dreadful Rot  Necr/Pois/Air  36%        N/A       9%          2
 Passwall                 Tmut/Erth      15%        N/A       9%          2
 Ensorcelled Hibernation  Hex/Ice        30%        N/A       12%         2
 Gell's Gravitas          Tloc           20%        N/A       14%         3
 Lesser Beckoning         Tloc           40%        N/A       14%         3
 Teleport Other           Tloc           20%        N/A       14%         3
 Fulminant Prism          Conj/Hex       16%        3d11      17%         4
 Confusing Touch          Hex            15%        N/A       22%         3
 Vampiric Draining        Necr           15%        2d7       22%         3


Dungeon Overview and Level Annotations

Branches:
Dungeon (8/15)             Temple (0/1) D:5         Ossuary (visited)
   Lair: D:8-11

Altars:
Makhleb
Nemelex Xobeh
Qazlal
Trog
Vehumet

Shops:
D:1 !   D:2 ?   D:3 *

Annotations:
D:3 1 runed translucent door, osoart's ghost, amateur DjSu
D:8 Gastronok


Message History

Aim: Gastronok, wearing a +0 hat of intelligence (severely wounded, covering ground quickly, 100% to hit)
You miscast Stone Arrow.
You are very lightly contaminated with residual magic.
Nothing appears to happen.
Casting: Stone Arrow (dangerous; 4% risk of failure)
Confirm with . or Enter, or press ? or * to list all spells.
Aiming: Stone Arrow (dangerous; 4% risk of failure)
Press: ? - help, Shift-Dir - straight line, f/p - Gastronok
Aim: Gastronok, wearing a +0 hat of intelligence (severely wounded, covering ground quickly, 100% to hit)
Okay, then.
Unknown command.
Gastronok attacks as you move away! Gastronok bites you.
Casting: Stone Arrow (dangerous; 4% risk of failure)
Confirm with . or Enter, or press ? or * to list all spells.
Aiming: Stone Arrow (dangerous; 4% risk of failure)
Press: ? - help, Shift-Dir - straight line, f/p - Gastronok
Aim: Gastronok, wearing a +0 hat of intelligence (severely wounded, covering ground quickly, 100% to hit)
The stone arrow hits Gastronok!!
Gastronok is severely wounded.
Your magical contamination has completely faded away.
Casting: Stone Arrow (dangerous; 4% risk of failure)
Confirm with . or Enter, or press ? or * to list all spells.
Aiming: Mephitic Cloud (dangerous; 6% risk of failure)
Press: ? - help, Shift-Dir - straight line, f/p - Gastronok
Aim: Gastronok, wearing a +0 hat of intelligence (severely wounded, covering ground quickly, chance to affect: 5%)
The ball explodes into a vile cloud!
The stinking cloud engulfs Gastronok but does no damage.
Gastronok is severely wounded.
Gastronok is engulfed in noxious fumes.
Gastronok is engulfed in noxious fumes.
Gastronok attacks as you move away! You block Gastronok's attack.
Casting: Mephitic Cloud (dangerous; 6% risk of failure)
Confirm with . or Enter, or press ? or * to list all spells.
You miscast Blink.
You are very lightly contaminated with residual magic.
Nothing appears to happen.
You feel yourself speed up. Gastronok bites you!!
Ouch! That really hurt!
You die...

#.#.### #### #.....#
#.#...#..... #.#.#.#####
....#))..# ###
#.......... ..##.##.. ..#
#.#.#.##### .##.⌠.##. #
#.# #...).# ###
####.####.####.#
#.#)#####.## #
##.#.#...##.#
#.#......).# .
##.8.#.....###.#######.##
#. ##)#..###.)@w.# #.#
##).## #..#### #.#
##.####..# #.# #...##..#
###w#
#....#..########..)###
#.⌠.#......##...........#
##.#..####.##.#####.###.#
###.## #.# #.# .# #.# #<#
#.# #


You could see Gastronok (swift).

Vanquished Creatures
  A two-headed ogre (D:8)
  Pikel (D:7)
  A deep elf pyromancer (D:7)
  2 steam dragons
  A vampire mosquito (D:7)
  Edmund (D:6)
  2 ice beasts (D:7)
  3 black bears
  An ogre (D:6)
  A lemure (D:7)
  3 centaurs
  An elf zombie (Ossuary)
  2 bullfrogs (D:7)
  2 necrophages
  2 scorpions
  4 killer bees
  2 howler monkeys
  2 gnoll boudas
  2 hounds
  2 jellies (D:7)
  4 orc priests
  9 orc wizards
  An iguana (D:7)
  4 mummies
  17 gnolls
  3 adders
  2 white imps (D:7)
  An ufetubus (D:5)
  4 adder zombies (Ossuary)
  A worm (D:3)
  2 dart slugs
  19 orcs
  6 ball pythons
  11 bats
  6 endoplasms
  3 giant cockroaches
  11 goblins
  2 hobgoblins
  6 quokkas
  A frilled lizard (D:3)
  6 goblin zombies (Ossuary)
  3 hobgoblin zombies (Ossuary)
  7 kobolds
  3 kobold zombies
  An orc zombie (D:4)
  A quokka zombie (Ossuary)
  A rat (D:2)
  A rat zombie (Ossuary)
172 creatures vanquished.

Notes
Turn   | Place    | Note
-------+----------+-------------------------------------------
     0 | D:1      | pokeman the Deep Elf Hedge Wizard began the quest for the
                  | Orb.
     0 | D:1      | Reached XP level 1. HP: 10/10 MP: 7/7
   400 | D:1      | Reached XP level 2. HP: 16/16 MP: 5/9
  1073 | D:1      | Found Fulagyfe's Distillery.
  1106 | D:1      | Bought a potion of curing for 42 gold pieces
  1273 | D:2      | Reached skill level 5 in Spellcasting
  1338 | D:2      | Found Rueb's Magic Scroll Emporium.
  1374 | D:2      | Bought a scroll of identify for 22 gold pieces
  1579 | D:2      | Reached XP level 3. HP: 20/20 MP: 9/11
  1583 | D:2      | Learned a level 3 spell: Mephitic Cloud
  1586 | D:2      | Learned a level 2 spell: Call Imp
  1589 | D:2      | Learned a level 2 spell: Blink
  1593 | D:2      | Learned a level 3 spell: Stone Arrow
  1912 | D:2      | Identified the +8 sling of Foul Odours {speed, Dex+10}
  2106 | D:1      | Bought a potion of heal wounds for 70 gold pieces
  2106 | D:1      | Bought a potion of degeneration for 14 gold pieces
  2154 | D:2      | Bought a scroll of noise for 11 gold pieces
  2290 | D:3      | Found a runed translucent door.
  2294 | D:3      | Noticed a bullfrog
  2294 | D:3      | Noticed osoart's ghost (amateur DjSu)
  2323 | D:3      | Reached skill level 1 in Fighting
  2323 | D:3      | Reached skill level 1 in Armour
  2324 | D:3      | Reached XP level 4. HP: 25/25 MP: 5/13
  2676 | D:3      | Found Ynipaseu's General Store.
  2681 | D:3      | Bought a scroll of teleportation for 33 gold pieces
  2681 | D:3      | Bought a potion of curing for 33 gold pieces
  2987 | D:3      | Bought a scroll of identify for 22 gold pieces
  3074 | D:4      | Found a sand-covered staircase.
  3123 | Ossuary  | Entered an ossuary
  3140 | Ossuary  | Reached skill level 6 in Spellcasting
  3140 | Ossuary  | Reached XP level 5. HP: 29/29 MP: 10/15
  3203 | Ossuary  | Reached skill level 1 in Poison Magic
  3271 | Ossuary  | Reached skill level 1 in Air Magic
  3339 | D:4      | Reached XP level 6. HP: 34/34 MP: 17/17
  3398 | D:4      | Reached skill level 7 in Spellcasting
  3398 | D:4      | Reached skill level 1 in Earth Magic
  4041 | D:4      | Found a burning altar of Makhleb.
  4041 | D:4      | Found a bloodstained altar of Trog.
  4275 | D:5      | Entered Level 5 of the Dungeon
  4385 | D:5      | Noticed a steam dragon
  4397 | D:5      | Killed a steam dragon
  4398 | D:5      | Reached XP level 7. HP: 40/40 MP: 16/20
  4429 | D:5      | Reached skill level 8 in Spellcasting
  4601 | D:5      | Found a radiant altar of Vehumet.
  4622 | D:5      | Became a worshipper of Vehumet
  4716 | D:5      | Found a staircase to the Ecumenical Temple.
  5140 | D:6      | Noticed a fire elemental
  5156 | D:6      | Reached XP level 8. HP: 44/44 MP: 22/22
  5156 | D:6      | Found a stormy altar of Qazlal.
  5158 | D:6      | Noticed an air elemental
  5212 | D:6      | Reached skill level 9 in Spellcasting
  5232 | D:6      | Reached skill level 5 in Conjurations
  5292 | D:6      | Found a sparkling altar of Nemelex Xobeh.
  5322 | D:6      | Noticed Edmund
  5417 | D:6      | Killed Edmund
  5692 | D:7      | Reached skill level 10 in Spellcasting
  5917 | D:7      | Noticed a deep elf pyromancer
  5931 | D:7      | Reached * piety under Vehumet
  5931 | D:7      | Offered knowledge of Shock by Vehumet.
  5934 | D:7      | Killed a deep elf pyromancer
  5935 | D:7      | Reached skill level 1 in Shields
  5935 | D:7      | Reached skill level 11 in Spellcasting
  5935 | D:7      | Reached XP level 9. HP: 46/48 MP: 21/26
  6007 | D:7      | Reached skill level 5 in Summonings
  6113 | D:7      | Noticed Pikel
  6135 | D:7      | Killed Pikel
  6141 | D:7      | Reached skill level 12 in Spellcasting
  6470 | D:7      | Learned a level 3 spell: Swiftness
  6821 | D:8      | Reached skill level 1 in Fire Magic
  6982 | D:8      | Noticed a two-headed ogre
  6990 | D:8      | Killed a two-headed ogre
  6991 | D:8      | Reached XP level 10. HP: 53/53 MP: 22/28
  7044 | D:8      | Noticed Gastronok
  7206 | D:8      | Slain by Gastronok

Illustrated notes

Levels and vault maps discovered:
D:1:      eino_arrival_water_cross, layout_loops_corners, serial_shops, shop,
          minmay_misc_feat_iff, st_stairs_1
D:2:      layout_loops_cross, serial_shops, nicolae_shop_trees
D:3:      layout_basic, ebering_ghost_inner_flame, serial_shops, shop
D:4:      layout_cave_pods, gammafunk_temple_overflow_wave,
          nicolae_ossuary_entry_giza
D:5:      layout_layer_cave, mainiacjoe_overflow_brackets, temple_pool_b
D:6:      layout_cave_pools, nemelex_xobeh_ov_fountains_minmay,
          nicolae_qazlal_style_of_elements, uniq_edmund
D:7:      layout_loops_ring, hangedman_minor_gate_pass, uniq_pikel
D:8:      layout_loops_ring, lemuel_coloured_pillars_altar,
          grunt_decor_mini_mirrors, ebering_dispersal_statue_hall,
          nrook_mini_vaults, uniq_prince_ribbit1, uniq_gastronok

Skill      XL: |  1  2  3  4  5  6  7  8  9 |
---------------+----------------------------+-----
Spellcasting   | 5 6 7 8 11 12 | 12.7
Conjurations   | 2 3 4 6 7 |  7.2
Fighting       | 1 2 |  2.0
Armour         | 1 3 |  3.0
Stealth        | 3 |  3.0
Dodging        | 3 |  3.0
Poison Magic   | 1 |  1.2
Air Magic      | 1 |  1.0
Earth Magic    | 1 |  1.3
Summonings     | 2 3 4 6 |  6.0
Shields        | 1 3 |  3.2
Fire Magic     | 2 |  2.2
Translocations | |  1.1

Action                   |  1- 3 |  4- 6 |  7- 9 | 10-12 || total
-------------------------+-------+-------+-------+-------++-------
 Fire: Sling             |     9 |   157 |   224 |    16 ||   406
 Cast: Magic Dart        |    69 |       |     9 |       ||    78
       Mephitic Cloud    |     1 |     3 |    18 |     3 ||    25
       Call Imp          |       |     2 |     2 |       ||     4
       Blink             |       |     1 |     1 |       ||     2
       Stone Arrow       |       |       |    15 |     4 ||    19
  Use: Scroll            |     2 |     2 |     1 |       ||     5
Armor: Leather armour    |     8 |     9 |    16 |       ||    33
Dodge: Dodged            |    12 |    18 |    35 |     3 ||    68
Block: Buckler           |       |       |       |     1 ||     1

Table legend: (Time is in decaauts)
 A = Elapsed time spent in this place.
 B = Non-inter-level travel time spent in this place.
 C = Inter-level travel time spent in this place.
 D = Time resting spent in this place.
 E = Time spent auto-exploring this place.
 F = Levels seen in this place.
 G = Mean time per level.
                   A        B        C        D        E       F      G
               +--------+--------+--------+--------+--------+-----+--------+
         Total |   7199 |   6861 |    338 |    353 |   5401 |   9 |  799.9 |
       Dungeon |   6992 |   6654 |    338 |    353 |   5272 |   8 |  874.0 |
       Ossuary |    207 |    207 |      0 |      0 |    129 |   1 |  207.0 |
               +--------+--------+--------+--------+--------+-----+--------+

Top non-repeatable levels by time:
     D:1: 1301 daAuts
     D:7: 1023 daAuts
     D:4: 996 daAuts
     D:3: 904 daAuts
     D:2: 858 daAuts
     D:5: 826 daAuts
     D:6: 560 daAuts
     D:8: 519 daAuts
 Ossuary: 207 daAuts
